 Dungeon Crawl Stone Soup version 0.31-a0-851-g7ff8af7976 (webtiles) character file.

Game seed: 8142302518836550523

56 javelincjr the Magician (level 3, -2/21 HPs)
             Began as an Octopode Hedge Wizard on Oct 5, 2023.
             Slain by an adder (4 damage)
             ... on level 2 of the Dungeon.
             The game lasted 00:04:05 (1392 turns).

javelincjr the Magician (Octopode Hedge Wizard)     Turns: 1392, Time: 00:04:06

Health: -2/21      AC:  1    Str:  9    XL:     3   Next: 97%
Magic:  7/7        EV: 13    Int: 18    God:
Gold:   109        SH:  0    Dex: 11    Spells: 3/8 levels left

rFire   . . .        l - +1 dagger (venom)
rCold   . . .        (no shield)
rNeg    . . .        b - +0 hat
rPois   .            (no amulet)
rElec   .            (no ring)
rCorr   .            (no ring)
SInv    .            (no ring)
Will    .....        (no ring)
Stlth   +++          (no ring)
HPRegen 0.23/turn    (no ring)
MPRegen 0.10/turn    (no ring)
                     (no ring)

%: no passive effects
@: lethally poisoned (-2 -> -12)
A: almost no armour, amphibious, 8 rings, camouflage 1, gelatinous body 1,
(nimble swimmer 1), tentacles
a: no special abilities


You were on level 2 of the Dungeon.
You visited 1 branch of the dungeon, and saw 2 of its levels.

You collected 109 gold pieces.

Inventory:

Hand Weapons
 a - a +0 dagger
 k - a +0 dagger of venom
 l - a +1 dagger of venom (weapon)
Missiles
 d - 43 stones
Armour
 b - a +0 hat (worn)
Magical Staves
 j - a staff of earth
Scrolls
 g - 3 scrolls of identify {unknown}
 h - a scroll of noise {unknown}
 m - a scroll of vulnerability {unknown}
 n - a scroll of teleportation {unknown}
 o - a scroll of brand weapon {unknown}
Potions
 c - 3 potions of magic
 e - 2 potions of lignification {unknown}
 f - 2 potions of degeneration {unknown}
 i - a potion of mutation {unknown}


   Skills:
 + Level 2.3 Dodging
 + Level 3.3 Stealth
 * Level 3.3 Spellcasting
 + Level 1.6 Conjurations
 + Level 1.5 Summonings
 + Level 1.6 Translocations


You had 3 spell levels left.
You knew the following spells:

 Your Spells              Type           Power      Damage    Failure   Level
a - Magic Dart            Conj           32%        1d4       9%          1
b - Call Imp              Summ           16%        N/A       13%         2
c - Blink                 Tloc           18%        N/A       12%         2

Your spell library contained the following spells:

 Spells                   Type           Power      Damage    Failure   Level
 Lesser Beckoning         Tloc           18%        N/A       12%         2
 Slow                     Hex            12%        N/A       16%         1
 Cigotuvi's Dreadful Rot  Necr/Pois/Air  6%         N/A       24%         2
 Gell's Gravitas          Tloc           9%         N/A       24%         3
 Teleport Other           Tloc           9%         N/A       24%         3
 Mephitic Cloud           Conj/Pois/Air  4%         N/A       36%         3
 Confusing Touch          Hex            3%         N/A       43%         3
 Sigil of Binding         Hex            3%         N/A       43%         3
 Vampiric Draining        Necr           3%         2d6       43%         3


Dungeon Overview and Level Annotations

Branches:
Dungeon (2/15)

Altars:

Shops:
D:1 [


Innate Abilities, Weirdness & Mutations

You cannot wear most types of armour.
You are amphibious.
You can wear up to eight rings at the same time.
Your skin changes colour to match your surroundings (Stealth+).
Your rubbery body absorbs attacks. (AC +1, EV +1)
((You are camouflaged when in or above water. (Stealth+)))
You have tentacles for arms and can constrict up to eight enemies at once.


Message History

A tiny devil pulls itself out of the air.
You hit the ball python.
The ball python is poisoned.
You grab the ball python. You squeeze the ball python.
You kill the ball python!
Magic restored.
A kobold comes into view. It is wielding a +0 short sword.
The kobold shouts!
An adder comes into view. x2
An endoplasm comes into view.
The kobold hits you with a +0 short sword.
Your cerulean imp hits the kobold from afar with a -4 spear.
You hit the kobold but do no damage.
The kobold is poisoned.
You grab the kobold. You squeeze the kobold.
You kill the kobold!
The adder bites you.
You are poisoned.
The adder poisons you! The adder barely misses you.
Your cerulean imp hits the adder but does no damage.
You hit the adder.
The adder is poisoned.
You grab the adder.
The adder is moderately wounded.
You constrict the adder.
You feel sick. The adder barely misses you. x2
The adder bites you.
You are more poisoned.
The adder poisons you!
Your cerulean imp hits the adder from afar with a -4 spear.
You hit the adder.
You kill the adder!
You feel sick. The adder bites you.
You are lethally poisoned!
The adder poisons you! The endoplasm freezes you.
You are frozen.
* * * LOW HITPOINT WARNING * * *
Your cerulean imp hits the adder but does no damage.
You swap places.
* * * LOW HITPOINT WARNING * * *
You feel very sick.
Your cerulean imp disappears in a puff of smoke!
The adder attacks as it pursues you! The adder bites you.
You die...

### ... #.# ####
..## ... ####
#.###.#.# #....
#..@S)..#
#.##.###.###J#.#
#.# #...## .#
####.####.#### .#
#.##............#
.#
#............##.#
.# ####.##.######
# .# .. #.# .# ##
#.#


You could see an adder and an endoplasm.

Vanquished Creatures
  An adder (D:2)
  A gnoll (D:1)
  2 dart slugs (D:1)
  3 ball pythons
  A bat (D:1)
  2 endoplasms (D:1)
  3 giant cockroaches
  4 goblins (D:1)
  3 hobgoblins
  7 kobolds
  A quokka (D:1)
  A frilled lizard (D:2)
  A rat (D:1)
30 creatures vanquished.

Vanquished Creatures (collateral kills)
  A ball python (D:1)
  An endoplasm (D:2)
2 creatures vanquished.

Grand Total: 32 creatures vanquished

Notes
Turn   | Place    | Note
-------+----------+-------------------------------------------
     0 | D:1      | javelincjr the Octopode Hedge Wizard began the quest for
                  | the Orb.
     0 | D:1      | Reached XP level 1. HP: 11/11 MP: 4/4
    98 | D:1      | Reached XP level 2. HP: 14/17 MP: 6/6
   518 | D:1      | Found Angam's Armour Shop.
   541 | D:1      | Reached XP level 3. HP: 18/21 MP: 7/7
   551 | D:1      | Learned a level 2 spell: Call Imp
   554 | D:1      | Learned a level 2 spell: Blink
  1392 | D:2      | Slain by an adder

Illustrated notes

Levels and vault maps discovered:
D:1:      minmay_arrival_solitary_statue, layout_loops_ring, serial_shops, shop
D:2:      layout_loops_ring, serial_shops, nicolae_shop_tiny_real_fake_doors

Skill      XL: |  1  2 |
---------------+-------+-----
Stealth        | 3 |  3.3
Dodging        | |  2.3
Spellcasting   | |  3.3
Conjurations   | |  1.6
Summonings     | |  1.5
Translocations | |  1.6

Action                     || total
---------------------------++-------
  Melee: Dagger            ||    83
         Tentacles         ||    18
         Constrict         ||    21
         Punch             ||     1
   Cast: Call Imp          ||     7
         Magic Dart        ||     3
   Stab: Sleeping          ||     5
 Armour: Skin              ||    43
  Dodge: Dodged            ||    40

Table legend: (Time is in decaauts)
 A = Elapsed time spent in this place.
 B = Non-inter-level travel time spent in this place.
 C = Inter-level travel time spent in this place.
 D = Time resting spent in this place.
 E = Time spent auto-exploring this place.
 F = Levels seen in this place.
 G = Mean time per level.
                   A        B        C        D        E       F      G
               +--------+--------+--------+--------+--------+-----+--------+
         Total |   1390 |   1355 |     35 |    138 |    940 |   2 |  695.0 |
       Dungeon |   1390 |   1355 |     35 |    138 |    940 |   2 |  695.0 |
               +--------+--------+--------+--------+--------+-----+--------+

Top non-repeatable levels by time:
     D:1: 1030 daAuts
     D:2: 360 daAuts
